cohdb
Replays
Latest Replays
All Replays
Popular Replays
Top Player Replays
Match Explorer
How It Works
Community
CoH3 Stats
Reddit
Sign in to upload your games and track your stats! →
Sign in with Steam
Match 46780615
Unlisted
Match 46780615
Overview
Messages
Build Orders
End
Kettenkrad Recon Vehicle
Construct Infanterie Kompanie
Selects Terror Battlegroup
Selects Machine Gun Camouflage
Grenadier Squad
MG 42 Machine Gun Team
Grenadier Squad
Selects Interrogate
Construct Luftwaffe Kompanie
Pioneer Squad
Flak 30 Anti-aircraft Gun Team
Jäger Squad
Jäger Squad
Medical Station
Support Elements
Selects Defend the Fatherland
Wirbelwind Flakpanzer
Marder III M Tank Destroyer
Luftwaffe Officer Quarters
Medical Bunker
Side Skirts
Evelynn
xbubalo
Grunka Lunka
spongebob
0
0
Comments
sign in to comment!
No comments posted yet!